 Dungeon Crawl Stone Soup version 0.23.1 (webtiles) character file.

Game seed: 0

8684 vatarom the Agent of Entropy (level 11, 0/85 (86) HPs)
             Began as a Demonspawn Abyssal Knight on Mar 15, 2019.
             Was a Priest of Lugonu.
             Slain by a troll (6 damage)
             ... on level 11 of the Dungeon.
             The game lasted 00:25:14 (15456 turns).

vatarom the Agent of Entropy (DsAK)                Turns: 15456, Time: 00:25:15

HP:   0/85 (86)     AC:  8    Str: 18    XL:     11   Next: 13%
MP:   19/19         EV: 11    Int: 13    God:    Lugonu [***...]
Gold: 468           SH:  6    Dex: 13    Spells: 10/10 levels left

rFire    . . .     SeeInvis .   t - +1 morningstar
rCold    . . .     Gourm    .   (no shield)
rNeg     + + .     Faith    .   u - +0 ring mail {rPois}
rPois    +         Spirit   .   (helmet restricted)
rElec    .         Reflect  .   (no cloak)
rCorr    .         Harm     .   a - +0 pair of gloves (curse)
MR       .....                  (no boots)
Stlth    ++........             F - amulet of regeneration
HPRegen  0.64/turn              n - ring of positive energy
MPRegen  0.16/turn              B - ring of positive energy

@: no status effects
A: antennae 2, large bone plates 2, demonic guardian 1, nightstalker 1, sense
surroundings 1, strong 1, wild magic 1
a: Depart the Abyss, Bend Space, Banish, Renounce Religion


You were on level 11 of the Dungeon.
You worshipped Lugonu.
Lugonu was most pleased with you.
You were full.

You visited 2 branches of the dungeon, and saw 12 of its levels.
You visited the Abyss 1 time.

You collected 468 gold pieces.

Inventory:

Hand Weapons
 t - a +1 morningstar (weapon)
Missiles
 x - a throwing net (quivered) {!f}
Armour
 a - a cursed +0 pair of gloves (worn)
 u - a +0 ring mail of poison resistance (worn)
 y - a +0 buckler
Jewellery
 n - a ring of positive energy (left hand)
 B - a ring of positive energy (right hand)
 F - an amulet of regeneration (around neck)
Wands
 f - a wand of polymorph (15)
 l - a wand of paralysis (13)
 p - a wand of random effects (17)
Scrolls
 b - 4 scrolls of remove curse {@r2}
 d - 8 scrolls of teleportation {@r3}
 e - 2 scrolls of immolation
 g - a scroll of identify {@r1}
 i - a scroll of blinking {@r4}
 o - a scroll of enchant weapon
 w - 3 scrolls of magic mapping
 z - a scroll of enchant armour
 C - 2 scrolls of fear
 D - a scroll of vulnerability
Potions
 h - a potion of magic
 j - a potion of haste {@q3}
 k - a potion of curing {@q1}
 q - 2 potions of ambrosia
 r - a potion of might {@q4}
 s - 2 potions of agility {@q5}
Miscellaneous
 A - a phial of floods
Comestibles
 c - 19 rations {@e1}
 m - 5 chunks of flesh


   Skills:
 - Level 7.8 Fighting
 + Level 9.5 Maces & Flails
 - Level 7.4 Armour
 + Level 2.0 Dodging
 + Level 11.8 Invocations


You had 10 spell levels left.
You didn't know any spells.
Your spell library contained the following spells:

 Spells                   Type           Power        Failure   Level  Hunger
 Corona                   Hex            #......      54%         1    ##.....
 Magic Dart               Conj           #...         54%         1    ##.....
 Blink                    Tloc           N/A          67%         2    ###....
 Call Imp                 Summ           #.......     67%         2    ###....
 Ensorcelled Hibernation  Hex/Ice        #.....       67%         2    ###....
 Slow                     Hex            #.......     67%         2    ###....
 Confuse                  Hex            #.......     88%         3    ####...
 Conjure Flame            Conj/Fire      #.......     88%         3    ####...
 Dazzling Spray           Conj/Hex       #.....       88%         3    ####...
 Mephitic Cloud           Conj/Pois/Air  #.......     88%         3    ####...
 Tukima's Dance           Hex            #.......     88%         3    ####...


Dungeon Overview and Level Annotations

Branches:
Dungeon (11/15)            Temple (1/1) D:6            Lair (0/6) D:11
    Orc (0/2) D:10

Altars:
Ashenzari
Cheibriados
Dithmenos
Elyvilon
Fedhas
Gozag
Hepliaklqana
Kikubaaqudgha
Makhleb
Nemelex Xobeh
Okawaru
Qazlal
Ru
Sif Muna
Trog
Uskayaw
Vehumet
Wu Jian
Xom
Yredelemnul
Zin
The Shining One

Shops:
D:10 *

Annotations:
D:3 2 transporters, DungeonDestroyer's ghost, amateur GnSk
D:6 1 runed translucent door, TheNamelessOne's ghost, novice OpWn
D:10 2 transporters, exclusions: wizard and 1 more exclusion, Xenon25's ghost, journeyman HOFi
Abyss:1 Duvessa


Innate Abilities, Weirdness & Mutations

You have a pair of antennae on your head.
You are mostly covered in large bone plates. (SH +6)
A weak demonic guardian rushes to your aid.
You are slightly more attuned to the shadows.
You passively map a small area around you.
Your muscles are strong. (Str +2)
Your spells are a little harder to cast, but a little more powerful.


Message History

The troll closely misses you. The troll misses you.
You block the troll's attack.
You barely miss the troll.
The troll is almost dead.
The troll completely misses you. The troll claws you!
* * * LOW HITPOINT WARNING * * *
The troll completely misses you.
You barely miss the troll.
The troll is almost dead.
The troll barely misses you. The troll closely misses you.
You block the troll's attack.
Unknown command.
You barely miss the troll.
The troll is almost dead.
The troll bites you.
* * * LOW HITPOINT WARNING * * *
The troll claws you!
* * * LOW HITPOINT WARNING * * *
The troll claws you.
You die...

,, * #)# * , ##.####.#
........##### # **
##.###......##### #.
## #.# #........... ,
..#.# #.# #..###.#####
#.#...##.# #..# #.# *
,, #.....T#$# #..# #.#
* #.....@..# #..###.##
####.###.# #..##.#.##
* ######.# #.#
#..#.###.# *
#...##.###.#
#..##.#.##
#..........###).###..#
,
#...##.###.#.....###.#
##.###.# #.#.#.#.# #.#
* #รท#
#####.....#####.#### ,
, #.#
##.........##......


You could see a troll.

Vanquished Creatures
  Pikel (D:7)
  An elephant (D:11)
  A troll (D:11)
  3 hippogriffs
  A wyvern (D:9)
  A basilisk (D:11)
  3 yaks (D:11)
  A hornet zombie (D:8)
  An orc warrior (D:9)
  An eye of draining (D:7)
  3 sky beasts
  2 ogres
  3 phantoms
  3 centaurs
  2 big kobolds
  7 bullfrogs
  Dowan (D:7)
  4 scorpions
  2 wights (D:7)
  A howler monkey (D:6)
  8 crimson imps
  A centaur zombie (D:5)
  2 bullfrog zombies
  A quasit (D:11)
  2 centaur skeletons
  2 jellies
  2 orc priests
  7 hounds
  2 bullfrog skeletons
  2 iguanas
  6 orc wizards
  7 worker ants
  A killer bee zombie (D:9)
  9 adders
  A shadow imp (D:6)
  An ooze (D:5)
  2 adder skeletons
  2 worms
  3 dart slugs
  4 leopard geckos
  33 orcs
  3 ball pythons
  10 bats
  6 giant cockroaches
  3 goblins
  3 hobgoblins
  6 jackals
  6 quokkas
  4 frilled lizards
  17 kobolds
  A quokka skeleton (D:7)
  A quokka zombie (D:9)
  A rat (D:2)
201 creatures vanquished.

Vanquished Creatures (collateral kills)
  A deep elf mage (D:11)
  A hippogriff (D:7)
  A yak (D:11)
  2 ice beasts
  A necrophage (D:7)
  A sky beast (D:7)
  A centaur (D:8)
  A bullfrog (D:6)
  A gnoll sergeant (D:8)
  2 scorpions
  A wight (D:7)
  A crimson imp (D:5)
  2 orc priests
  An orc wizard (D:9)
  Ijyb (D:3)
  A killer bee zombie (D:6)
  2 gnolls (D:8)
  An adder (D:11)
  A leopard gecko (D:9)
  11 orcs
  A quokka (D:4)
  4 kobolds
39 creatures vanquished.

Vanquished Creatures (others)
  A two-headed ogre (D:7)
  An unseen horror (D:11)
  A wizard (D:10)
  An ugly thing (D:11)
  A gargoyle (D:11)
  A hornet (D:9)
  2 orc warriors
  A phantom (D:8)
  An iguana (D:8)
  A gnoll (D:8)
11 creatures vanquished.

Grand Total: 251 creatures vanquished

Notes
Turn   | Place    | Note
-------+----------+-------------------------------------------
     0 | Abyss:1  | vatarom the Demonspawn Abyssal Knight began the quest for
                  | the Orb.
     0 | Abyss:1  | Reached XP level 1. HP: 18/18 MP: 2/2
     5 | D:1      | Escaped the Abyss
   728 | D:1      | Gained mutation: You have a pair of small antennae on your
                  | head. [demonic ancestry]
   728 | D:1      | Reached XP level 2. HP: 16/24 MP: 4/4
   894 | D:1      | Reached skill level 3 in Invocations
  1578 | D:2      | Reached XP level 3. HP: 21/29 MP: 5/5
  1943 | D:2      | Found a sacrificial altar of Ru.
  2058 | D:2      | Reached ** piety under Lugonu
  2618 | D:3      | Noticed DungeonDestroyer's ghost (amateur GnSk)
  2620 | D:3      | Found a transporter.
  2620 | D:3      | Found a transporter.
  2620 | D:3      | Identified the +8 dire flail of Buhoc {venom, rPois MR+++
                  | Dex-3 SInv}
  2620 | D:3      | Noticed an ogre
  2635 | D:3      | Gained mutation: A weak demonic guardian rushes to your
                  | aid. [demonic ancestry]
  2635 | D:3      | Reached XP level 4. HP: 32/35 MP: 6/6
  2927 | D:3      | Noticed Ijyb
  2933 | D:3      | Killed Ijyb
  2933 | D:3      | Reached skill level 4 in Invocations
  3424 | D:3      | Found a white marble altar of Elyvilon.
  3857 | D:4      | Gained mutation: You tend to lose your temper in combat.
                  | [potion of mutation]
  3857 | D:4      | Gained mutation: Potions are less effective at restoring
                  | your health. [potion of mutation]
  3857 | D:4      | Gained mutation: Your system is resistant to poisons.
                  | (rPois) [potion of mutation]
  3858 | D:4      | Lost mutation: Your system is resistant to poisons. (rPois)
                  | [potion of mutation]
  3858 | D:4      | Lost mutation: Potions are less effective at restoring your
                  | health. [potion of mutation]
  3858 | D:4      | Gained mutation: Scrolls take you a little longer to read.
                  | [potion of mutation]
  3858 | D:4      | Gained mutation: Your magical capacity is low. (-10% MP)
                  | [potion of mutation]
  3858 | D:4      | Gained mutation: Your muscles are strong. (Str +2) [potion
                  | of mutation]
  3859 | D:4      | Lost mutation: Scrolls take you a little longer to read.
                  | [potion of mutation]
  3859 | D:4      | Lost mutation: Your magical capacity is low. (-10% MP)
                  | [potion of mutation]
  3859 | D:4      | Gained mutation: You evolve. [potion of mutation]
  3859 | D:4      | Lost mutation: Your muscles are strong. (Str +2) [potion of
                  | mutation]
  3859 | D:4      | Gained mutation: You have large cloven feet. [potion of
                  | mutation]
  3872 | D:4      | Gained mutation: You have a pair of antennae on your head.
                  | [demonic ancestry]
  3872 | D:4      | Reached XP level 5. HP: 31/42 MP: 8/8
  4190 | D:4      | Gained mutation: You have a pair of large antennae on your
                  | head. (SInv) [evolution]
  4236 | D:4      | Reached skill level 5 in Invocations
  4262 | D:4      | Reached XP level 6. HP: 29/48 MP: 9/9
  4690 | D:4      | Found a hazy altar of Hepliaklqana.
  4943 | D:5      | Entered Level 5 of the Dungeon
  4999 | D:5      | Lost mutation: You have large cloven feet. [potion of
                  | mutation]
  4999 | D:5      | Lost mutation: You tend to lose your temper in combat.
                  | [potion of mutation]
  4999 | D:5      | Lost mutation: You have a pair of large antennae on your
                  | head. (SInv) [potion of mutation]
  4999 | D:5      | Gained mutation: You tend to lose your temper in combat.
                  | [potion of mutation]
  4999 | D:5      | Gained mutation: You are frail. (-10% HP) [potion of
                  | mutation]
  4999 | D:5      | Gained mutation: You have large cloven feet. [potion of
                  | mutation]
  5007 | D:5      | Found a hide-covered altar of Uskayaw.
  5733 | D:5      | Found an ornate altar of the Wu Jian Council.
  5744 | D:5      | Reached skill level 5 in Maces & Flails
  5832 | D:5      | Reached *** piety under Lugonu
  6091 | D:5      | Reached skill level 6 in Invocations
  6091 | D:5      | Gained mutation: You are partially covered in large bone
                  | plates. (SH +4) [demonic ancestry]
  6091 | D:5      | Reached XP level 7. HP: 41/47 MP: 11/11
  6156 | D:5      | Lost mutation: You tend to lose your temper in combat.
                  | [potion of mutation]
  6156 | D:5      | Lost mutation: You are frail. (-10% HP) [potion of
                  | mutation]
  6156 | D:5      | Lost mutation: You have large cloven feet. [potion of
                  | mutation]
  6156 | D:5      | Lost mutation: You evolve. [potion of mutation]
  6156 | D:5      | Gained mutation: Your muscles are strong. (Str +2) [potion
                  | of mutation]
  6156 | D:5      | Gained mutation: Your spells are a little harder to cast,
                  | but a little more powerful. [potion of mutation]
  6156 | D:5      | Gained mutation: You passively map a small area around you.
                  | [potion of mutation]
  6437 | D:5      | Found a stormy altar of Qazlal.
  6870 | D:6      | Found a runed translucent door.
  6870 | D:6      | Found a shimmering altar of Xom.
  6870 | D:6      | Noticed a +2 long sword of chaos
  6870 | D:6      | Noticed TheNamelessOne's ghost (novice OpWn)
  6953 | D:6      | Reached skill level 7 in Invocations
  7751 | D:6      | Found a staircase to the Ecumenical Temple.
  7757 | Temple   | Entered the Ecumenical Temple
  7918 | D:7      | Gained mutation: You are mostly covered in large bone
                  | plates. (SH +6) [demonic ancestry]
  7918 | D:7      | Reached XP level 8. HP: 48/61 MP: 13/13
  7922 | D:7      | Noticed a hippogriff
  7925 | D:7      | Killed a hippogriff
  8062 | D:7      | Noticed Dowan
  8063 | D:7      | Noticed Duvessa
  8253 | D:7      | Reached skill level 5 in Fighting
  8613 | D:7      | Reached skill level 8 in Invocations
  9337 | D:7      | Reached **** piety under Lugonu
  9542 | D:7      | Noticed a two-headed ogre
  9552 | D:7      | Banished a two-headed ogre
  9552 | D:7      | Reached XP level 9. HP: 71/71 MP: 10/15
  9771 | D:7      | Banished Duvessa
  9780 | D:7      | Killed Dowan
  9780 | D:7      | Reached skill level 9 in Invocations
 10999 | D:8      | Reached skill level 1 in Dodging
 11100 | D:8      | Noticed Pikel
 11137 | D:7      | Killed Pikel
 11592 | D:8      | Reached skill level 10 in Invocations
 11695 | D:8      | Got a faintly humming leather armour
 11697 | D:8      | Identified the +4 leather armour of Good Intentions {rN++
                  | Int+4 Stlth-} (You found it on level 8 of the Dungeon)
 12654 | D:9      | Gained mutation: You are slightly more attuned to the
                  | shadows. [demonic ancestry]
 12654 | D:9      | Reached XP level 10. HP: 37/79 MP: 17/17
 13478 | D:9      | Reached skill level 5 in Armour
 13681 | D:9      | Identified the +10 dagger "Concordance" {flame, rPois
                  | Int+5} (You found it on level 9 of the Dungeon)
 13723 | D:10     | Entered Level 10 of the Dungeon
 13747 | D:10     | Found Darivvap's General Store.
 13819 | D:10     | Found a bloodstained altar of Trog.
 13920 | D:10     | Found a staircase to the Orcish Mines.
 13992 | D:10     | Found a transporter.
 13994 | D:10     | Found a transporter.
 13995 | D:10     | Noticed Xenon25's ghost (journeyman HOFi)
 14170 | D:10     | Noticed a wizard
 14187 | D:10     | Banished a wizard
 14274 | D:10     | Noticed a wizard
 14288 | D:10     | Noticed a wizard
 14532 | D:11     | Banished an unseen horror
 14532 | D:11     | Reached skill level 11 in Invocations
 14639 | D:11     | Found a staircase to the Lair.
 14639 | D:11     | Noticed an elephant
 14713 | D:11     | Killed an elephant
 14930 | D:11     | Noticed a gargoyle
 14938 | D:11     | Banished a gargoyle
 15021 | D:11     | Noticed a deep elf mage
 15028 | D:11     | Killed a deep elf mage
 15028 | D:11     | Noticed a brown ugly thing
 15034 | D:11     | Banished a brown ugly thing
 15034 | D:11     | Reached XP level 11. HP: 36/85 MP: 19/19
 15456 | D:11     | Slain by a troll

Skill      XL: |  1  2  3  4  5  6  7  8  9 10 11 |
---------------+----------------------------------+-----
Maces & Flails | 2 3 4 5 6 7 8 9 |  9.5
Invocations    | 3 4 5 6 7 8 10 11 | 11.8
Fighting       | 4 7 |  7.8
Dodging        | 1 2 |  2.0
Armour         | 4 7 |  7.4

Action                   |  1- 3 |  4- 6 |  7- 9 | 10-12 || total
-------------------------+-------+-------+-------+-------++-------
Melee: Mace              |   108 |       |       |       ||   108
       Flail             |       |   130 |   215 |       ||   345
       Morningstar       |       |    92 |   197 |   282 ||   571
       Kick              |       |    26 |       |       ||    26
       Unarmed           |       |       |     6 |       ||     6
Invok: Banish            |       |       |     6 |     7 ||    13
  Use: Potion            |       |     5 |     8 |     2 ||    15
       Scroll            |       |    11 |     8 |     7 ||    26
 Stab: Distracted        |       |       |     4 |       ||     4
       Confused          |       |       |     1 |       ||     1
       Invisible         |       |       |       |     3 ||     3
       Sleeping          |       |       |       |     4 ||     4
  Eat: Chunk             |     5 |     8 |     5 |     7 ||    25
       Ration            |       |     1 |     6 |     2 ||     9
Armor: Leather armour    |    10 |       |       |       ||    10
       Scale mail        |    50 |    83 |       |       ||   133
       Ring mail         |       |    28 |   124 |   107 ||   259
       Skin              |       |       |     1 |    19 ||    20
Dodge: Dodged            |    65 |   156 |   179 |   113 ||   513
Block: Other             |       |       |   112 |    65 ||   177
